Minoru, lawful male human Samurai -- --- |. . -----.- . ..|..-- -. -.....| |.- .....| ---|.| --....-- --.. |.| ......| |.. |.| -.....| ---.- |.| |.....| |...-- |.| ----.....-----....--|.| --.........%.%.......#.| |*..)...%..---..|.-#...##.| -->.......G.----##--|....| | |..........@..| |-...| | ..---........d.-- |......| ...- |.....)....[| --.<|..- -. |..--.--.|..| ---- ..| -- ------------- *| -- Minoru the Ninja Experience level: 8 Strength: 18 Dexterity: 17 Constitution: 18 Intelligence: 10 Wisdom: 9 Charisma: 7 Health: 0(85) Energy: 35(35) Def: 9 Gold: 7 Moves: 12092 Dungeon seed: fzYtBHSouchNGYko Game ID: Minoru_1496424290 Your Inventory: Coins $ - 7 gold pieces Weapons a - an uncursed +1 katana (alternate weapon; not wielded) b - an uncursed +2 wakizashi c - an uncursed +1 yumi d - 45 uncursed +0 ya (in quiver) m - 2 uncursed +0 orcish daggers n - the blessed rustproof +0 Excalibur (weapon in hand) y - an uncursed +0 elven dagger E - 2 uncursed +0 darts F - an uncursed +0 katana I - 11 blessed +1 shuriken J - 18 uncursed +4 shuriken K - 110 uncursed +0 ya O - 16 blessed +2 ya R - 17 blessed +1 ya Y - 106 uncursed +0 shuriken Armor e - an uncursed rustproof +0 splint mail (being worn) q - an uncursed +0 oilskin cloak z - an uncursed +0 orcish cloak (being worn) T - an uncursed +0 orcish helm (being worn) Z - an uncursed +0 pair of iron shoes named non-cursed (being worn) Comestibles j - an uncursed gunyoki S - an uncursed tripe ration Scrolls C - an uncursed scroll of blank paper Potions i - a blessed potion of oil Rings l - an uncursed +1 ring of gain strength s - an uncursed ring of invisibility t - an uncursed ring of fire resistance named non-cursed w - an uncursed ring of slow digestion B - a cursed ring of teleportation (on left hand) L - a cursed ring of hunger (on right hand) M - an uncursed ring of aggravate monster P - an uncursed ring of polymorph control W - an uncursed ring of polymorph control Wands f - an uncursed wand of probing (0:3) k - an uncursed wand of polymorph (0:2) o - an uncursed wand of sleep (0:5) p - an uncursed wand of death (0:3) x - an uncursed wand of digging (0:1) A - an uncursed wand of magic missile (0:6) H - an uncursed wand of digging (0:7) U - an uncursed wand of striking (0:5) V - an uncursed wand of fire (0:4) X - an uncursed wand of make invisible (0:3) Tools g - an uncursed blindfold h - an uncursed magic whistle u - a blessed wax candle (0:400) v - an uncursed magic whistle G - an uncursed stethoscope N - an uncursed oil lamp (0:1362) Q - an uncursed skeleton key Spells and supernatural/magical abilities: Name Level Category Fail Memory p - protection 1 clerical 100% 89% u - confuse monster 2 enchantment 100% 44% W - pray for help -- divine ? -- Your skills at the end: Miscellaneous Skills martial arts [Basic] wands [Basic] stealth [Basic] Weapon Skills short sword [Basic] long sword [Skilled] bow [Basic] Spellcasting Skills Final Attributes: You were fervently aligned. You were poison resistant. You were level-drain resistant. You hungered rapidly. You were telepathic. You had automatic searching. You could teleport. You were fast. You are dead. Vanquished creatures: 2 giant mimics an elf mummy 2 wolves a leprechaun a lizard a gnome king 2 dogs a housecat a dust vortex a snake 2 imps 10 Uruk-hai 2 orc shamans 2 rock piercers 2 ponies a shrieker a violet fungus 5 gnome lords 2 gnomish wizards a kobold mummy a black naga hatchling 2 golden naga hatchlings a guardian naga hatchling a gray ooze an elf zombie a straw golem 5 giant ants 5 puppies 6 floating eyes a kitten a dwarf 3 homunculi a kobold lord a kobold shaman 7 iguanas 7 hill orcs 8 rothes 2 rabid rats 2 centipedes 8 jitterbugs 2 giant bats 3 orc zombies 3 dwarf zombies 3 werejackals 4 killer bees 3 coyotes a gas spore 3 hobbits 6 large kobolds 8 geckos 2 giant rats 4 cave spiders a brown mold 4 yellow molds 5 green molds 23 gnomes 2 garter snakes 4 manes 2 gnome zombies 22 jackals 2 foxes 4 kobolds 15 newts 8 goblins 9 sewer rats 25 grid bugs 3 bats 14 lichens 5 kobold zombies 295 creatures vanquished. Genocided species: rust monsters 1 species genocided. Voluntary challenges: You did not cause conflict. You did not have reflection. You were not displaced. You used a wielded weapon 297 times, starting on turn 41. You did not apply a unicorn horn. You did not use sinks. You read items or engraved 18 times, starting on turn 785. You genocided 1 type of monster, starting on turn 10091. You never polymorphed an object. You never changed form. You cheated 2 times but completed Sokoban on turn 5636. You used no wishes. You never split a pudding. You never wrote Elbereth's name. You violated your moral code, losing 3 points of alignment, starting on turn 10779. Dungeon overview: The Dungeons of Doom: levels 1 to 9 Level 1 an altar to Raijin, some fountains a long staircase Level 2 some fountains stairs to The Gnomish Mines Level 3 some fountains Level 4 some fountains, a sink Level 5 many fountains Level 6 a general store stairs to Sokoban Level 7 Level 8 a fountain Level 9 The Gnomish Mines: levels 3 to 7 Level 3 stairs to The Dungeons of Doom Level 4 Level 5 many shops, a temple to Susanowo, a magic chest, some fountains Level 6 <- You were here Level 7 Sokoban: levels 2 to 5 Level 2 an altar to Raijin, a magic chest Level 3 Level 4 Level 5 a magic chest stairs to The Dungeons of Doom History has recorded: On T:1 you entered the Dungeons of Doom to retrieve the Amulet of Yendor! On T:171 you advanced to experience level 2. On T:361 you reached level 2 of The Dungeons of Doom. On T:547 you advanced to experience level 3. On T:768 you reached level 1 of The Gnomish Mines. On T:789 you reached level 3 of The Dungeons of Doom. On T:1285 you reached level 4 of The Dungeons of Doom. On T:1360 you advanced to experience level 4. On T:1775 you reached level 5 of The Dungeons of Doom. On T:1828 you received advice from The Oracle. On T:1828 you advanced to experience level 5. On T:1973 you reached level 6 of The Dungeons of Doom. On T:2030 you reached level 4 of Sokoban. On T:2823 you advanced to experience level 6. On T:2830 you opened a magic chest. On T:2852 you reached level 3 of Sokoban. On T:3282 you reached level 2 of Sokoban. On T:3714 you reached level 1 of Sokoban. On T:5636 you entered the Sokoban zoo. On T:5723 you advanced to experience level 6. On T:6614 you reached level 7 of The Dungeons of Doom. On T:7220 you advanced to experience level 7. On T:7511 you reached level 8 of The Dungeons of Doom. On T:7655 you reached level 9 of The Dungeons of Doom. On T:10679 you reached level 2 of The Gnomish Mines. On T:10764 you reached level 3 of The Gnomish Mines. On T:10794 you advanced to experience level 8. On T:11718 you entered the Minetown temple On T:11980 you reached level 4 of The Gnomish Mines. On T:12036 you reached level 5 of The Gnomish Mines. Score breakdown: Gold: 7 ( 0 points) Experience: 8 levels ( 700 points) Exploration: 9 levels ( 240 points) Discoveries: 44 items ( 2000 points) Variety of kills: 69 monsters ( 2000 points) Major goal: finished Sokoban ( 1000 points) Survival: died (score multiplied by 3) Total score: 17820 Latest messages: Hachi misses the elf mummy. You miss the elf mummy. The elf mummy scratches you! Hachi bites the elf mummy. The elf mummy scratches Hachi. The gnome picks up 2 arrows. You switch to your primary weapon. The gnome wields a crossbow! You kill the gnome! There are a few objects here. This gnome corpse tastes terrible! You stop eating. Hachi misses the elf mummy. Hachi bites the elf mummy. The elf mummy scratches Hachi. The elf mummy scratches you! Hachi misses the elf mummy. You destroy the elf mummy! You see here a mummy wrapping. The gnome zaps a wand of fire! The bolt of fire hits you! You hear the howling of the CwnAnnwn... The bolt of fire bounces! (2x) The gnome zaps a wand of fire! The bolt of fire hits you! You die... Final status: Sayonara Minoru the Samurai, killed by a bolt of fire... You died in The Gnomish Mines on dungeon level 6 with 17820 points, and 7 pieces of gold, after 12092 moves. You were level 8 with a maximum of 85 hit points when you died.